 Dungeon Crawl Stone Soup version 0.23-a0-690-g0a1fc62c7c (webtiles) character file.

150119 Adamkad1 the Peltast (level 17, -7/112 HPs)
             Began as a Gargoyle Fighter on Jan 10, 2019.
             Was an Elder of Wu Jian.
             Mangled by a death yak (13 damage)
             ... led by Polyphemus
             ... on level 4 of the Shoals on Jan 11, 2019.
             The game lasted 01:41:22 (33459 turns).

Adamkad1 the Peltast (Gargoyle Fighter)            Turns: 33459, Time: 01:41:22

Health: -7/112     AC: 40    Str: 30    XL:     17   Next: 53%
Magic:  0/21       EV: 14    Int: 10    God:    Wu Jian [****..]
Gold:   3223       SH: 25    Dex: 11    Spells: 17/22 levels left

rFire    + . .     SeeInvis +   G - +5 flail (crush)
rCold    + + +     Gourm    .   N - +2 large shield
rNeg     + + .     Faith    .   L - +8 chain mail of the Invisible Hand {rPois rC++}
rPois    ∞         Spirit   +   Q - +1 hat {SInv}
rElec    +         Reflect  .   P - scarf {Spirit}
rCorr    .         Harm     .   V - +1 pair of gloves of Hedging {*Drain rPois rF+ Dex+2}
MR       +....                  v - +0 pair of boots
Stlth    ..........             I - amulet of rage
HPRegen  0.28/turn              c - ring of positive energy
MPRegen  0.17/turn              t - ring of Trog's Wrath {rC+ EV+3 Str+4}

@: slowed, very slow
A: big wings, horns 1, negative energy resistance 1, electricity resistance,
wild magic 1, unbreathing, petrification resistance, rot immunity, AC +12
a: Fly, Wall Jump, Serpent's Lash, Renounce Religion, Evoke Berserk Rage


You were on level 4 of the Shoals.
You worshipped Wu Jian.
Wu Jian was greatly pleased with you.
You were not hungry.

You visited 5 branches of the dungeon, and saw 27 of its levels.
You visited the Abyss 1 time.
You also visited: Sewer, Ossuary and Ice Cave.

You collected 3503 gold pieces.
You spent 280 gold pieces at shops.

Inventory:

Hand Weapons
 o - the cursed +1 spear of Duqezey {pierce, rPois rC- rN+ Dex+6}
   (You bought it in a shop on level 2 of the Orcish Mines)

   It inflicts extra damage upon your enemies.
   It affects your dexterity (+6).
   It makes you vulnerable to cold.
   It protects you from poison.
   It protects you from negative energy.
   It has a curse placed upon it.
 G - a +5 flail of crushing (weapon)
Armour
 v - a +0 pair of boots (worn)
 B - a +2 shield
 L - the +8 chain mail of the Invisible Hand (worn) {rPois rC++}
   (You found it on level 13 of the Dungeon)

   It greatly protects you from cold.
   It protects you from poison.
 N - a +2 large shield (worn)
 P - a scarf of spirit shield (worn)
 Q - a +1 hat of see invisible (worn)
 U - +0 acid dragon scales
 V - the +1 pair of gloves of Hedging (worn) {*Drain rPois rF+ Dex+2}
   (You found it in an ice cave)

   It affects your dexterity (+2).
   It protects you from fire.
   It protects you from poison.
   It causes draining when unequipped.
Jewellery
 c - a ring of positive energy (left hand)
 h - an uncursed ring of ice
 t - the ring of Trog's Wrath (right hand) {rC+ EV+3 Str+4}
   (You found it on level 6 of the Lair of Beasts)

   [ring of evasion]

   It affects your evasion (+3).
   It affects your strength (+4).
   It protects you from cold.
 y - an uncursed ring of see invisible
 I - an amulet of rage (around neck)
Wands
 b - a wand of acid (37)
 e - a wand of iceblast (30)
 x - a wand of paralysis (43)
 D - a wand of digging (18)
 F - a wand of clouds (5)
 H - a wand of random effects (11)
Scrolls
 a - 3 scrolls of vulnerability
 g - 6 scrolls of fog
 j - a scroll of summoning
 k - 11 scrolls of remove curse
 m - 2 scrolls of immolation
 n - 4 scrolls of magic mapping
 p - 5 scrolls of identify
 A - 5 scrolls of teleportation
 J - 3 scrolls of amnesia
 M - 2 scrolls of blinking
Potions
 d - 6 potions of might
 l - 5 potions of ambrosia
 s - 4 potions of agility
 u - a potion of invisibility
 w - 6 potions of curing
 z - 2 potions of magic
 C - 2 potions of brilliance
 E - a potion of mutation
 K - a potion of berserk rage
 R - 2 potions of cancellation
Miscellaneous
 i - a fan of gales
 T - a box of beasts
Comestibles
 f - 28 rations
 q - a chunk of flesh


   Skills:
 - Level 14.5 Fighting
 - Level 14.2 Maces & Flails
 - Level 16.3 Armour
 - Level 6.9 Dodging
 * Level 17.3 Shields
 - Level 3.2 Spellcasting
 - Level 4.3 Earth Magic


You had 17 spell levels left.
You knew the following spells:

 Your Spells              Type           Power        Failure   Level  Hunger
a - Passwall              Tmut/Erth      #.......     86%         2    ###....
b - Dazzling Spray        Conj/Hex       #.....       100%        3    ###....

Your spell library contained the following spells:

 Spells                   Type           Power        Failure   Level  Hunger
 Sandblast                Erth           ##....       45%         1    #......
 Beastly Appendage        Tmut           #.....       95%         1    #......
 Confusing Touch          Hex            #.....       95%         1    #......
 Corona                   Hex            #......      95%         1    #......
 Freeze                   Ice            #...         95%         1    #......
 Sting                    Conj/Pois      #...         95%         1    #......
 Stone Arrow              Conj/Erth      #.....       97%         3    ###....
 Corpse Rot               Necr           N/A          99%         2    ###....
 Ensorcelled Hibernation  Hex/Ice        #.....       99%         2    ###....
 Poisonous Vapours        Pois/Air       #.....       99%         2    ###....
 Sticks to Snakes         Tmut           #.......     99%         2    ###....
 Swiftness                Chrm/Air       #.......     99%         2    ###....
 Throw Frost              Conj/Ice       #.....       99%         2    ###....
 Confuse                  Hex            #.......     100%        3    ###....
 Gell's Gravitas          Tloc           #.........   100%        3    ###....
 Mephitic Cloud           Conj/Pois/Air  #.......     100%        3    ###....
 Ozocubu's Armour         Chrm/Ice       #.......     100%        3    ###....
 Spider Form              Tmut/Pois      #.........   100%        3    ###....
 Tukima's Dance           Hex            #.......     100%        3    ###....
 Ice Form                 Ice/Tmut       #.......     100%        4    #####..
 Olgreb's Toxic Radiance  Pois           #.......     100%        4    #####..
 Passage of Golubria      Tloc           N/A          100%        4    #####..
 Petrify                  Tmut/Erth      #.......     100%        4    #####..
 Summon Ice Beast         Ice/Summ       #.......     100%        4    #####..
 Summon Lightning Spire   Summ/Air       #.......     100%        4    #####..
 Throw Icicle             Conj/Ice       #.......     100%        4    #####..
 Agony                    Necr           #.......     100%        5    ######.
 Blade Hands              Tmut           #.........   100%        5    ######.
 Bolt of Draining         Conj/Necr      #.........   100%        5    ######.
 Dispel Undead            Necr           #.......     100%        5    ######.
 Excruciating Wounds      Chrm/Necr      #.........   100%        5    ######.
 Irradiate                Conj/Tmut      #.........   100%        5    ######.
 Lee's Rapid Deconstruct  Erth           ##........   100%        5    ######.
 Metabolic Englaciation   Hex/Ice        #.........   100%        5    ######.
 Silence                  Hex/Air        #.........   100%        5    ######.
 Venom Bolt               Conj/Pois      #.........   100%        5    ######.
 Yara's Violent Unravell  Hex/Tmut       #.........   100%        5    ######.
 Bolt of Cold             Conj/Ice       #.........   100%        6    #######
 Conjure Ball Lightning   Conj/Air       #.........   100%        6    #######
 Darkness                 Hex            #.........   100%        6    #######
 Deflect Missiles         Chrm/Air       #.........   100%        6    #######
 Freezing Cloud           Conj/Ice/Air   #.........   100%        6    #######
 Hydra Form               Tmut           #.........   100%        6    #######
 Invisibility             Hex            #.......     100%        6    #######
 Ozocubu's Refrigeration  Ice            #.........   100%        6    #######
 Simulacrum               Ice/Necr       #.........   100%        6    #######
 Dragon Form              Tmut           #.........   100%        7    #######
 Tornado                  Air            #.........   100%        9    #######
 Sublimation of Blood     Necr           Unusable     N/A         2    N/A
 Statue Form              Tmut/Erth      Unusable     N/A         6    N/A

Dungeon Overview and Level Annotations

Branches:
Dungeon (14/15)            Temple (1/1) D:6            Lair (6/6) D:8
 Shoals (4/4) Lair:2       Spider (0/4) Lair:2        Slime (0/5) Lair:6
    Orc (2/2) D:12            Elf (0/3) Orc:2
 Vaults: D:13-14

Altars:
Ashenzari
Cheibriados
Dithmenos
Elyvilon
Fedhas
Gozag
Hepliaklqana
Kikubaaqudgha
Makhleb
Nemelex Xobeh
Okawaru
Qazlal
Ru
Sif Muna
Trog
Uskayaw
Vehumet
Wu Jian
Xom
Yredelemnul
Zin
The Shining One
Beogh
Jiyva

Shops:
D:11 *   D:12 !   Orc:2 (}%}   Shoals:2 [

Portals:
Trove: D:12 (give +3 shadow dragon scales)

Annotations:
D:11 3 runed doors, Napalmbreeze's ghost, journeyman DDFi
Lair:6 1 runed door
Shoals:4 Polyphemus


Innate Abilities, Weirdness & Mutations

You are resistant to torment.
Your stone body is resilient. (AC +12)
You are immune to poison.
Your large and strong wings let you fly indefinitely.
You resist negative energy. (rN+)
You are resistant to electric shocks. (rElec)
You can survive without breathing.
You are immune to petrification.
You are immune to rotting.
You have a pair of small horns on your head.
Your spells are a little harder to cast, but a little more powerful.


Message History

The death yak is lightly wounded.
You sock the death yak! You headbutt the death yak.
The death yak is lightly wounded.
The merfolk aquamancer stops moving altogether!
The death yak is engulfed in a cloud of scalding steam.
You block the death yak's attack. The harpy barely misses you.
You block the harpy's attack.
The death yak gores you but does no damage.
The death yak gores you.
* * * LOW HITPOINT WARNING * * *
There is a stone staircase leading up here.
You see here a tomahawk.
The water nymph stops moving altogether!
The death yak stops moving altogether!
You block the harpy's attack. x2
The harpy barely misses you. The harpy claws you but does no damage.
You block the harpy's attack. The harpy claws you!
* * * LOW HITPOINT WARNING * * *
The merfolk siren hits you but does no damage.
The death yak gores you!
You die...

≈≈≈≈...P.((..#..≈≈≈.≈≈≈≈≈≈≈
≈≈≈..PPP)≈(≈≈≈≈.≈≈≈.≈≈≈≈≈≈≈
≈≈≈...P.≈)))≈≈P..≈.≈≈≈≈≈≈≈≈
≈..≈≈P.P≈≈((≈PPP.....≈≈≈≈≈≈
≈.≈≈≈PP#≈≈≈(≈P≈...#..≈≈≈≈≈≈
≈.≈≈..##.≈≈≈≈≈≈≈..#..≈≈≈≈.≈
...≈.≈≈m.#####≈PP≈≈..#..≈≈≈≈≈≈
...≈≈≈≈..Ym.HP≈≈≈≈≈≈...≈≈≈≈≈≈≈
...≈.≈.#..CmH@(≈≈≈≈≈≈≈≈≈≈≈≈≈≈≈
.P≈≈........YY≈(≈≈)≈≈..≈≈≈≈≈≈≈
.≈.≈≈≈.....≈≈m(≈(≈≈≈≈...≈≈≈†≈≈
....≈≈.....≈≈≈≈≈≈≈≈≈≈≈÷<≈≈≈≈.≈
.≈..≈≈...≈≈≈≈≈≈≈≈(≈≈≈≈(≈≈≈≈...
#≈.#<.≈[≈≈≈≈≈≈≈≈≈(≈≈≈≈≈≈.#.
#P.#.≈≈≈≈≈≈≈≈≈≈≈(((≈≈≈≈.##.
.P...≈.≈≈≈≈≈≈≈≈≈≈≈≈)(≈≈.≈.....
....≈...≈≈≈≈≈≈≈≈≈≈≈≈((...##...


You could see Polyphemus, 2 death yaks, a catoblepas, a merfolk aquamancer
(petrified), a merfolk, a merfolk siren, a water nymph (petrified) and 2
harpies.

Vanquished Creatures
  2 krakens
  Gastronok (Orc:1)
  Louise (Shoals:2)
  4 merfolk javelineers
  5 merfolk impalers
  2 fire dragons (Lair:6)
  Harold (D:7)
  A rakshasa (Abyss:3)
  A catoblepas (Lair:2)
  8 hydras
  6 merfolk avatars
  8 merfolk aquamancers
  3 two-headed ogres
  3 death yaks (Lair:6)
  6 satyrs
  Urug (Lair:4)
  A thrashing horror (Abyss:3)
  An orc high priest (Orc:2)
  2 wretched stars (Abyss:3)
  Nergalle (D:11)
  A spatial maelstrom (Abyss:3)
  An unseen horror (D:11)
  8 sea snakes
  A swamp dragon (Lair:6)
  2 lindwurms (Lair:6)
  19 harpies
  A wolf spider zombie (D:13)
  2 orc knights (Orc:2)
  A wolf spider (Lair:2)
  A necromancer (IceCv)
  An orc sorcerer (Orc:2)
  5 ugly things
  2 deep elf magi
  24 fauns
  A toenail golem (Abyss:3)
  4 cyclopes
  7 manticores
  2 worldbinders (Abyss:3)
  12 elephants
  Maurice (D:12)
  7 merfolk sirens
  A smoke demon (Abyss:3)
  5 black mambas
  A water nymph (Shoals:3)
  5 torpor snails (Lair:6)
  An apocalypse crab (Abyss:3)
  Joseph (D:10)
  An ice statue (IceCv)
  2 centaur skeletons (D:13)
  7 spiny frogs
  2 rime drakes
  10 freezing wraiths (IceCv)
  5 komodo dragons
  21 merfolk
  5 ancient zymes (Abyss:3)
  9 trolls
  2 polar bears
  A jumping spider (Lair:2)
  A wolf spider simulacrum (IceCv)
  8 hornets
  3 tyrant leeches (Lair:6)
  3 wind drakes
  17 blink frogs
  14 hippogriffs
  5 raiju (Abyss:3)
  5 slime creatures (D:13)
  11 snapping turtles
  A dream sheep (shapeshifter) (D:12)
  5 dream sheep
  A shadow (D:12)
  A spriggan (D:11)
  2 redbacks (Lair:2)
  2 small abominations (Abyss:3)
  3 centaur simulacra
  2 wyverns
  A vampire (D:13)
  2 ynoxinuls (Abyss:3)
  11 water elementals
  4 fire bats (Abyss:3)
  6 hungry ghosts
  54 yaks
  3 basilisks
  A chaos spawn (Abyss:3)
  Grum (D:9)
  4 vampire mosquitoes (D:12)
  A steam dragon (Lair:6)
  A neqoxec (Abyss:3)
  Menkaure (D:7)
  2 acid dragons (Lair:6)
  A warg (Orc:2)
  8 water moccasins
  7 porcupines
  29 orc warriors
  A swamp drake (Lair:6)
  17 ice beasts
  3 large abominations (Abyss:3)
  3 sky beasts
  6 phantoms
  3 eyes of draining
  7 ogres
  31 wolves
  26 centaurs
  13 crocodiles
  2 big kobolds (D:8)
  Blork the orc (D:6)
  2 elf zombies (Ossuary)
  A gnoll sergeant (D:7)
  26 bullfrogs
  A wyvern skeleton (D:11)
  5 scorpions
  A troll zombie (D:12)
  An elephant simulacrum (IceCv)
  5 killer bees (D:11)
  A swamp dragon simulacrum (IceCv)
  An electric eel (Lair:3)
  3 wights (D:11)
  3 draconian simulacra (IceCv)
  4 howler monkeys
  5 crimson imps
  3 starcursed masses (Abyss:3)
  2 quasits (D:6)
  2 centaur zombies
  5 hounds
  2 human zombies (Ossuary)
  9 orc priests
  4 jellies
  18 orc wizards
  2 iron imps (Abyss:3)
  6 bullfrog skeletons
  3 iguanas
  A gnoll shaman (Orc:2)
  5 troll simulacra (IceCv)
  2 spriggan simulacra (IceCv)
  11 worker ants
  A wolf simulacrum (IceCv)
  A killer bee zombie (D:9)
  2 big kobold zombies (Ossuary)
  7 ogre zombies (D:12)
  2 mummies (Ossuary)
  A tengu skeleton (Abyss:3)
  3 hound skeletons
  A howler monkey zombie (D:9)
  4 worker ant zombies
  Robin (D:2)
  13 adders
  13 gnolls
  5 ogre simulacra (IceCv)
  3 naga simulacra (IceCv)
  2 river rats (D:5)
  A shadow imp (D:9)
  12 white imps (IceCv)
  2 oozes
  4 adder zombies
  3 worms
  3 leopard geckos
  105 orcs
  11 ball pythons
  18 giant cockroaches
  15 goblins
  10 hobgoblins
  14 jackals
  7 quokkas
  6 bats
  11 frilled lizards
  A goblin skeleton (D:12)
  2 goblin zombies (D:12)
  9 hobgoblin zombies
  A jackal skeleton (D:4)
  3 jackal zombies (Ossuary)
  21 kobolds
  8 kobold zombies (Ossuary)
  A leopard gecko skeleton (D:5)
  9 orc skeletons (D:12)
  21 orc zombies
  11 rats
  A rat zombie (D:2)
  3 plants
  5 tentacles
1085 creatures vanquished.

Vanquished Creatures (others)
  A merfolk aquamancer (Shoals:1)
  A death drake (Abyss:3)
  2 raiju (Abyss:3)
  A hippogriff (Lair:6)
  A warg (Orc:2)
  An acid dragon (Lair:6)
  An orc wizard (Orc:2)
  An orc (Orc:2)
  5 fungi
  34 plants
  30 tentacles
78 creatures vanquished.

Grand Total: 1163 creatures vanquished

Notes
Turn   | Place    | Note
-------+----------+-------------------------------------------
     0 | D:1      | Adamkad1 the Gargoyle Fighter began the quest for the Orb.
     0 | D:1      | Reached XP level 1. HP: 14/14 MP: 1/1
   263 | D:1      | Reached XP level 2. HP: 17/19 MP: 2/2
  1002 | D:2      | Reached XP level 3. HP: 23/23 MP: 3/3
  1349 | D:2      | Reached XP level 4. HP: 28/29 MP: 4/4
  1360 | D:2      | Reached skill level 4 in Shields
  1361 | D:2      | Noticed Robin
  1396 | D:2      | Killed Robin
  1682 | D:2      | Found an ancient bone altar of Kikubaaqudgha.
  2066 | D:3      | Reached XP level 5. HP: 30/33 MP: 5/5
  2188 | D:3      | Found a deep blue altar of Sif Muna.
  2404 | D:3      | Gained mutation: You have a pair of small horns on your
                  | head. [potion of mutation]
  2404 | D:3      | Gained mutation: Your spells are a little harder to cast,
                  | but a little more powerful. [potion of mutation]
  2869 | D:3      | Reached XP level 6. HP: 13/38 MP: 6/6
  2897 | D:3      | Reached skill level 5 in Armour
  2975 | D:2      | Reached skill level 5 in Shields
  3173 | D:4      | Found a sand-covered staircase.
  3183 | Ossuary  | Entered an ossuary
  3368 | Ossuary  | Reached XP level 7. HP: 24/44 MP: 7/7
  3807 | D:3      | Reached skill level 5 in Fighting
  3872 | D:3      | Reached skill level 6 in Shields
  4037 | D:4      | Reached XP level 8. HP: 28/49 MP: 8/8
  4305 | D:5      | Entered Level 5 of the Dungeon
  4463 | D:5      | Reached skill level 7 in Shields
  4589 | D:5      | Found a glowing drain.
  4632 | Sewer    | Entered a sewer
  5290 | D:5      | Found a sparkling altar of Nemelex Xobeh.
  5641 | D:5      | Found a shadowy altar of Dithmenos.
  5650 | D:5      | Found a sacrificial altar of Ru.
  6058 | D:6      | Reached XP level 9. HP: 52/55 MP: 9/9
  6124 | D:6      | Noticed Blork the orc
  6129 | D:6      | Killed Blork the orc
  6162 | D:6      | Found a staircase to the Ecumenical Temple.
  6299 | Temple   | Entered the Ecumenical Temple
  6542 | D:6      | Found an ornate altar of the Wu Jian Council.
  6576 | D:6      | Became a worshipper of the Wu Jian Council
  6626 | D:6      | Reached skill level 5 in Maces & Flails
  6626 | D:6      | Reached skill level 8 in Shields
  7491 | D:7      | Noticed Harold
  7530 | D:7      | Noticed Menkaure
  7537 | D:7      | Killed Harold
  7537 | D:7      | Reached skill level 9 in Shields
  8241 | D:8      | Noticed a two-headed ogre
  8282 | D:7      | Killed a two-headed ogre
  8282 | D:7      | Reached XP level 10. HP: 32/63 MP: 10/10
  8450 | D:7      | Killed Menkaure
  8630 | D:8      | Reached * piety under Wu Jian
  8724 | D:8      | Reached skill level 10 in Shields
  8729 | D:8      | Reached skill level 10 in Armour
  8741 | D:8      | Found a staircase to the Lair.
  9032 | D:8      | Found a shimmering altar of Xom.
  9037 | D:8      | Found a white marble altar of Elyvilon.
  9439 | D:9      | Reached ** piety under Wu Jian
  9470 | D:9      | Found a basalt altar of Yredelemnul.
  9648 | D:9      | Noticed Grum
  9657 | D:9      | Reached XP level 11. HP: 68/68 MP: 11/11
  9673 | D:9      | Killed Grum
  9909 | D:9      | You fall through a shaft for 3 floors!
  9916 | D:12     | Noticed a cyan ugly thing
  9998 | D:12     | Noticed a death drake
  9998 | D:12     | a hippogriff changed into a death drake
 10002 | D:12     | Found Iguts's Distillery.
 10187 | D:11     | Found a sacrificial altar of Ru.
 10216 | D:11     | Noticed a cyclops
 10223 | D:11     | Killed a cyclops
 10223 | D:11     | Reached skill level 11 in Shields
 10256 | D:11     | Noticed a cyclops
 10265 | D:11     | Killed a cyclops
 10457 | D:11     | Killed an unseen horror
 10501 | D:11     | Noticed a green ugly thing
 10525 | D:11     | Killed a green ugly thing
 10578 | D:11     | Noticed a cyclops
 10590 | D:11     | Killed a cyclops
 10590 | D:11     | Reached *** piety under Wu Jian
 10706 | D:10     | Entered Level 10 of the Dungeon
 10751 | D:10     | Found a roughly hewn altar of Beogh.
 11185 | D:10     | Noticed a white ugly thing
 11220 | D:10     | Found a shattered altar of Ashenzari.
 11419 | D:10     | Killed a white ugly thing
 11706 | D:10     | Noticed Joseph
 11716 | D:10     | Killed Joseph
 12144 | D:10     | Reached XP level 12. HP: 76/76 MP: 12/12
 12189 | D:9      | Noticed a two-headed ogre
 12199 | D:9      | Killed a two-headed ogre
 12822 | D:11     | Found a runed gate.
 12822 | D:11     | Found a runed gate.
 12825 | D:11     | Found a runed gate.
 12830 | D:11     | Found an opulent altar of Gozag.
 12830 | D:11     | Noticed a yaktaur captain
 12830 | D:11     | Noticed Napalmbreeze's ghost (journeyman DDFi)
 12831 | D:11     | Found Kasasehoits's Assorted Antiques.
 13133 | D:12     | Noticed Nergalle
 13141 | D:11     | Killed Nergalle
 13141 | D:11     | Reached skill level 1 in Dodging
 13143 | D:11     | Reached **** piety under Wu Jian
 13355 | D:12     | Reached skill level 12 in Shields
 13942 | D:12     | Found a staircase to the Orcish Mines.
 13977 | D:12     | Reached ***** piety under Wu Jian
 13977 | D:12     | Reached skill level 10 in Maces & Flails
 14082 | D:12     | Noticed Maurice
 14134 | D:12     | Killed Maurice
 14352 | D:12     | Found a portal to a secret trove of treasure.
 14575 | D:13     | Reached skill level 10 in Fighting
 14802 | D:13     | Got a spiked chain mail
 15020 | D:12     | Identified the +8 chain mail of the Invisible Hand {rPois
                  | rC++} (You found it on level 13 of the Dungeon)
 15434 | D:13     | Reached XP level 13. HP: 83/83 MP: 13/13
 16576 | D:14     | Noticed an ettin
 16580 | D:14     | Noticed a yaktaur captain
 16811 | Lair:1   | Entered Level 1 of the Lair of Beasts
 16831 | Lair:1   | Reached skill level 13 in Shields
 18658 | Lair:2   | Found a staircase to the Shoals.
 18860 | Lair:2   | Found a hole to the Spider Nest.
 19378 | Lair:3   | Gained mutation: Your large and strong wings let you fly
                  | indefinitely. [Gargoyle growth]
 19378 | Lair:3   | Reached XP level 14. HP: 74/90 MP: 14/14
 20740 | Lair:4   | Noticed Urug
 21003 | Lair:4   | Killed Urug
 22189 | Lair:5   | Reached skill level 14 in Shields
 23397 | Lair:6   | Entered Level 6 of the Lair of Beasts
 23562 | Lair:6   | Got a clouded lead ring
 23700 | Lair:6   | Identified the ring of Trog's Wrath {rC+ EV+3 Str+4} (You
                  | found it on level 6 of the Lair of Beasts)
 23795 | Lair:6   | Found a runed door.
 23795 | Lair:6   | Found a viscous altar of Jiyva.
 23878 | Lair:6   | Found a runed door.
 24034 | Lair:6   | Reached skill level 5 in Dodging
 24034 | Lair:6   | Reached XP level 15. HP: 78/97 MP: 13/15
 25067 | Lair:6   | Found a staircase to the Slime Pits.
 25618 | Orc:1    | Entered Level 1 of the Orcish Mines
 25679 | Orc:1    | Noticed Gastronok
 25698 | Orc:1    | Killed Gastronok
 25855 | Orc:1    | Found a frozen archway.
 25866 | Orc:1    | Reached skill level 15 in Armour
 25898 | IceCv    | Entered an ice cave
 26259 | IceCv    | Found an ancient bone altar of Kikubaaqudgha.
 26289 | IceCv    | Reached skill level 15 in Shields
 26443 | IceCv    | Got a pair of translucent gloves
 26454 | IceCv    | Identified the +1 pair of gloves of Hedging {*Drain rPois
                  | rF+ Dex+2} (You found it in an ice cave)
 26717 | Orc:2    | Entered Level 2 of the Orcish Mines
 26717 | Orc:2    | Found a staircase to the Elven Halls.
 26721 | Orc:2    | Paralysed by an orc sorcerer for 6 turns
 27321 | Orc:2    | Found Reitu's Gadget Shoppe.
 27321 | Orc:2    | Found Jual's Food Boutique.
 27323 | Orc:2    | Found Ciekk's Gadget Shop.
 27324 | Orc:2    | Found Qotrak's Antique Weapon Emporium.
 27335 | Orc:2    | Bought a shimmering spear for 280 gold pieces
 27335 | Orc:2    | Identified the cursed +1 spear of Duqezey {pierce, rPois
                  | rC- rN+ Dex+6} (You bought it in a shop on level 2 of the
                  | Orcish Mines)
 27641 | Orc:2    | Learned a level 2 spell: Passwall
 27645 | Orc:2    | Learned a level 3 spell: Dazzling Spray
 27645 | Orc:2    | Upgraded the game from 0.23-a0-677-g07611c5723 to
                  | 0.23-a0-690-g0a1fc62c7c
 27850 | Shoals:1 | Entered Level 1 of the Shoals
 28331 | Shoals:1 | Reached XP level 16. HP: 102/105 MP: 14/16
 28918 | Shoals:1 | Found an opulent altar of Gozag.
 28921 | Shoals:1 | Noticed a kraken
 28996 | Shoals:1 | Killed a kraken
 29432 | Shoals:2 | Reached skill level 1 in Earth Magic
 29470 | Shoals:2 | Reached skill level 1 in Spellcasting
 29667 | Shoals:2 | Found Xianeal's Antique Armour Shoppe.
 30019 | Shoals:2 | Noticed a kraken
 30035 | Shoals:2 | Killed a kraken
 31395 | Shoals:3 | Noticed Louise
 31406 | Shoals:2 | Cast into level 3 of the Abyss (Louise)
 31740 | Abyss:3  | HP: 4/107 [starcursed mass (illusionary)/accursed screaming
                  | (5)]
 31748 | Abyss:3  | HP: 5/107 [starcursed mass (illusionary)/accursed screaming
                  | (6)]
 31761 | Abyss:3  | HP: 5/107 [smoke demon (illusionary)/ball of steam (6)]
 31825 | Abyss:3  | Reached XP level 17. HP: 44/112 MP: 21/21
 31909 | Shoals:2 | Escaped the Abyss
 31920 | Shoals:2 | Killed Louise
 32423 | Shoals:3 | Found a stormy altar of Qazlal.
 32439 | Shoals:3 | Reached skill level 16 in Shields
 32906 | Shoals:4 | Entered Level 4 of the Shoals
 33329 | Shoals:4 | Reached skill level 17 in Shields
 33451 | Shoals:4 | Noticed Polyphemus
 33459 | Shoals:4 | Mangled by a death yak

Vault maps used:
D:1:      saegor_arrival_under_anarchy
D:2:      minmay_roachtagon, lemuel_zombie_altar_kikubaaqudgha,
          grunt_decor_one_mirror, uniq_robin
D:3:      marbit_many_paths, first_ration, kennysheep_another_room,
          serial_bayou_ford_a
D:4:      enter_ossuary_1
D:5:      lemuel_round_altar, amethyst_overflow_temple_binary,
          portal_sewer_entry_b
D:6:      kennysheep_mini, minmay_temple_entry_offerings, uniq_blork_the_orc
D:7:      uniq_harold, uniq_menkaure
D:8:      nicolae_overflow_hidden_temple, david_lair_generic
D:9:      nicolae_overflow_crystal_walls, uniq_grum
D:10:     minivault_4, evilmike_ruin_ashenzari, uniq_joseph
D:11:     ebering_ghost_gozag, basic_altar, the_bakery, palyth_stone_intersect
D:12:     zombieorc2_lemuel, enter_trove_6, serial_shops, nicolae_shop_trees,
          uniq_maurice, uniq_nergalle
D:13:     minmay_inner_zag
D:14:     lightli_vaults_fourway_checkpoint, minmay_misc_feat_columns,
          minmay_diamond_spiral, uniq_nessos
Temple:   dshaligram_water_room_temple
Lair:1:   grunt_megastairs_1
Lair:2:   minmay_shoals_entry_hut, spider_nest_entry_funnel_web
Lair:3:   guppyfry_lair_drakes, infiniplex_staircase_pool
Lair:4:   nicolae_quartered_pool_super, grunt_megastairs_2, uniq_urug
Lair:5:   serial_bayou_pond_b, chequers_serial_rivers_micro_b,
          grunt_forest_large_clearings
Lair:6:   guppyfry_lair_end_dragon, wormcave, slime_altar_2,
          lemuel_old_faithful, grunt_megastairs_5
Shoals:1: nicolae_shoals_island_circles, wheals_shoals_ruined_temple
Shoals:2: serial_shops, shop, st_sunken_temple
Shoals:3: lemuel_centaur_altar, uniq_louise
Shoals:4: shoals_end_grunt_garden, uniq_polyphemus
Orc:1:    portal_ice_cave_entry_ice_beasts, mines2_lemuel, uniq_gastronok
Orc:2:    st_orc_rangers
Abyss:3:  hangedman_eye_storm
Sewer:    sewer_co_scattered_pipes
Ossuary:  ossuary_tomb_1
IceCv:    ice_cave_small_necro

Skill      XL: |  1  2  3  4  5  6  7  8  9 10 11 12 13 14 15 16 17 |
---------------+----------------------------------------------------+-----
Armour         | 4 5 6 7 9 10 11 12 13 14 15 16 | 16.3
Shields        | 4 5 6 7 9 10 11 12 13 14 15 17 | 17.3
Fighting       | 4 5 6 7 8 9 10 11 12 13 14 | 14.5
Maces & Flails | 3 4 6 7 9 10 11 12 13 14 | 14.2
Dodging        | 2 3 5 6 |  6.9
Earth Magic    | 4 |  4.3
Spellcasting   | 3 |  3.2

Action                   |  1- 3 |  4- 6 |  7- 9 | 10-12 | 13-15 | 16-18 || total
-------------------------+-------+-------+-------+-------+-------+-------++-------
Melee: Flail             |   162 |   336 |   577 |   977 |  1894 |  1124 ||  5070
       Headbutt          |       |    31 |   100 |   160 |   383 |   261 ||   935
       Unarmed           |       |       |       |     7 |       |       ||     7
Invok: Lunge             |       |       |     7 |    90 |   306 |   217 ||   620
       Whirlwind         |       |       |       |   280 |  1095 |   493 ||  1868
       Serpent's Lash    |       |       |       |     1 |    31 |    36 ||    68
       Heavenly Storm    |       |       |       |       |     2 |       ||     2
 Abil: Wall Jump         |       |       |       |    11 |     3 |       ||    14
       Fly               |       |       |       |       |     1 |     4 ||     5
       Stop Flying       |       |       |       |       |       |     5 ||     5
Evoke: Wand              |       |       |       |     2 |     1 |       ||     3
  Use: Potion            |       |     3 |     5 |     9 |     4 |    11 ||    32
       Scroll            |       |       |    13 |    10 |    11 |     3 ||    37
 Stab: Invisible         |       |       |       |       |       |     2 ||     2
  Eat: Chunk             |     2 |     6 |    12 |    24 |    32 |    13 ||    89
       Ration            |       |       |     3 |     2 |     4 |     2 ||    11
Armor: Scale mail        |   150 |   189 |    91 |       |       |       ||   430
       Chain mail        |       |       |   287 |   410 |   656 |   516 ||  1869
       Skin              |       |       |       |     2 |       |       ||     2
Dodge: Dodged            |    63 |    92 |   159 |   197 |   481 |   483 ||  1475
Block: Shield            |   114 |   177 |   363 |   562 |  1082 |   546 ||  2844
       Large shield      |       |       |       |       |       |   377 ||   377

Table legend:
 A = Non-vault XP
 B = Vault XP
 C = Vault XP percentage of total XP
 D = Non-vault monster count
 E = Vault monster count
 F = Vault count percentage of total count
                 A         B        C        D         E       F
            +---------+---------+-------+---------+---------+-------
      Total |  146562 |   67895 |  31.7 |     698 |     382 |  35.4
            +---------+---------+-------+---------+---------+-------
        D:1 |      28 |       0 |   0.0 |      18 |       0 |   0.0
        D:2 |      45 |      54 |  54.5 |      21 |      21 |  50.0
        D:3 |     448 |      13 |   2.8 |      48 |       1 |   2.0
        D:4 |     357 |       0 |   0.0 |      15 |       0 |   0.0
        D:5 |     832 |      33 |   3.8 |      25 |       7 |  21.9
        D:6 |     439 |      96 |  17.9 |      19 |       1 |   5.0
        D:7 |    1609 |    1208 |  42.9 |      12 |       2 |  14.3
        D:8 |    2098 |     744 |  26.2 |      44 |       4 |   8.3
        D:9 |    2618 |     651 |  19.9 |      25 |       5 |  16.7
       D:10 |    2718 |     665 |  19.7 |      18 |      26 |  59.1
       D:11 |    4979 |    1025 |  17.1 |      32 |       2 |   5.9
       D:12 |    7932 |    1058 |  11.8 |      44 |      37 |  45.7
       D:13 |    7667 |      50 |   0.6 |      43 |       1 |   2.3
       D:14 |      88 |       0 |   0.0 |       1 |       0 |   0.0
     Lair:1 |    4434 |    1067 |  19.4 |      15 |       2 |  11.8
     Lair:2 |    5155 |    1575 |  23.4 |      19 |       5 |  20.8
     Lair:3 |    8658 |    1451 |  14.4 |      32 |       4 |  11.1
     Lair:4 |    5351 |    1393 |  20.7 |      17 |       4 |  19.0
     Lair:5 |    4201 |    3266 |  43.7 |      18 |      25 |  58.1
     Lair:6 |   10310 |   13661 |  57.0 |      34 |      37 |  52.1
   Shoals:1 |   15876 |    2665 |  14.4 |      33 |       2 |   5.7
   Shoals:2 |   25008 |    9104 |  26.7 |      44 |      10 |  18.5
   Shoals:3 |    7321 |    1146 |  13.5 |      15 |       5 |  25.0
   Shoals:4 |   10153 |   12072 |  54.3 |      19 |      20 |  51.3
      Orc:1 |     950 |    3182 |  77.0 |       6 |       9 |  60.0
      Orc:2 |    3968 |    4904 |  55.3 |      40 |      40 |  50.0
    Abyss:3 |   13319 |       0 |   0.0 |      41 |       0 |   0.0
      Sewer |       0 |      27 | 100.0 |       0 |      19 | 100.0
    Ossuary |       0 |     435 | 100.0 |       0 |      39 | 100.0
      IceCv |       0 |    6350 | 100.0 |       0 |      54 | 100.0
            +---------+---------+-------+---------+---------+-------
